 Dungeon Crawl Stone Soup version 0.21-b1-19-g8321a34dda (webtiles) character file.

76983 Kalmarka777 the Blocker (level 15, -2/99 HPs)
             Began as a Gargoyle Fighter on Jan 4, 2018.
             Was the Champion of Zin.
             Slain by an antimagic lajatang (20 damage)
             ... on level 2 of the Elven Halls.
             The game lasted 02:17:44 (30692 turns).

Kalmarka777 the Blocker (Gargoyle Fighter)         Turns: 30692, Time: 02:17:46

Health: -2/99      AC: 39    Str: 32    XL:     15   Next: 55%
Magic:  17/18      EV:  7    Int:  9    God:    Zin [******]
Gold:   245        SH: 22    Dex: 19    Spells: 10/18 levels left

rFire    + + .     SeeInvis .   T - +1 morningstar "Giamp" {crush, rPois}
rCold    + . .     Gourm    .   F - +0 large shield
rNeg     + . .     Faith    .   x - +1 gold dragon scales
rPois    ∞         Spirit   .   D - +1 hat {MR+}
rElec    +         Reflect  .   Q - +3 cloak of the Sparrow {rF+ rCorr Str+4}
rCorr    +         Harm     .   r - +0 pair of gloves
MR       +++..                  M - +0 pair of boots
Stlth    ..........             u - amulet of rage
HPRegen  0.26/turn              A - ring of Checkmate {MR+ Dex+5 Stlth-}
MPRegen  0.16/turn              s - +4 ring of dexterity

@: vitalised, flying
A: big wings, negative energy resistance 1, electricity resistance, unbreathing,
petrification resistance, rot immunity, AC +11
a: Stop Flying, Recite, Vitalisation, Imprison, Sanctuary, Donate Gold, Renounce
Religion, Evoke Berserk Rage


You were on level 2 of the Elven Halls.
You worshipped Zin.
Zin was exalted by your worship.
You were not hungry.

You visited 4 branches of the dungeon, and saw 20 of its levels.

You collected 2413 gold pieces.
You spent 1927 gold pieces at shops.
You donated 241 gold pieces to Zin.

Inventory:

Hand Weapons
 T - the +1 morningstar "Giamp" (weapon) {crush, rPois}
   (You found it on level 9 of the Dungeon)

   It inflicts extra damage upon your enemies.
   It protects you from poison.
Missiles
 f - a poisoned tomahawk
 o - 6 javelins (quivered)
 z - 2 steel tomahawks
 L - 8 tomahawks
Armour
 r - a +0 pair of gloves (worn)
 x - +1 gold dragon scales (worn)
 D - a +1 hat of magic resistance (worn)
 F - a +0 large shield (worn)
 M - a +0 pair of boots (worn)
 Q - the +3 cloak of the Sparrow (worn) {rF+ rCorr Str+4}
   (You bought it in a shop on level 11 of the Dungeon)

   It affects your strength (+4).
   It protects you from fire.
   It protects you from acid and corrosion.
Jewellery
 e - an uncursed ring of ice
 i - an uncursed ring of protection from cold
 k - an uncursed ring of magical power
 q - an uncursed ring of resist corrosion
 s - a +4 ring of dexterity (right hand)
 u - an amulet of rage (around neck)
 A - the ring of Checkmate (left hand) {MR+ Dex+5 Stlth-}
   (You found it on level 11 of the Dungeon)

   [ring of protection from magic]

   It affects your dexterity (+5).
   It affects your resistance to hostile enchantments.
   It makes you less stealthy.
 B - an uncursed ring of flight
 H - a +4 amulet of reflection
 N - an uncursed ring of protection from cold
Wands
 d - a wand of disintegration (33)
 h - a wand of flame (21)
 n - a wand of digging (14)
 C - a wand of enslavement (4)
 I - a wand of iceblast (15)
 R - a wand of scattershot (6)
Scrolls
 g - a scroll of fog
 j - a scroll of teleportation
 l - 2 scrolls of magic mapping
 m - 6 scrolls of remove curse
 t - 7 scrolls of identify
 v - 2 scrolls of amnesia
 J - 4 scrolls of enchant weapon
 V - a scroll of holy word {unknown}
Potions
 a - 4 potions of agility
 w - 2 potions of brilliance
 E - 2 potions of flight
Books
 b - a book of Maledictions

   Spells                             Type                      Level
   a - Corona                         Hexes                        1
   b - Ensorcelled Hibernation        Hexes/Ice                    2
   c - Confuse                        Hexes                        3
   d - Tukima's Dance                 Hexes                        3
   e - Dazzling Spray                 Conjuration/Hexes            3
 y - a book of Frost

   Spells                             Type                      Level
   a - Freeze                         Ice                          1
   b - Throw Frost                    Conjuration/Ice              2
   c - Ozocubu's Armour               Charms/Ice                   3
   d - Throw Icicle                   Conjuration/Ice              4
   e - Summon Ice Beast               Ice/Summoning                4
 O - a book of Minor Magic

   Spells                             Type                      Level
   a - Magic Dart                     Conjuration                  1
   b - Blink                          Translocation                2
   c - Call Imp                       Summoning                    2
   d - Slow                           Hexes                        2
   e - Conjure Flame                  Conjuration/Fire             3
   f - Mephitic Cloud                 Conjuration/Poison/Air       3
 S - Anyo's Collected Works on Enchantment and Conjuration
   (You found it on level 9 of the Dungeon)

   Spells                             Type                      Level
   a - Corona                         Hexes                        1
   b - Throw Frost                    Conjuration/Ice              2
   c - Stone Arrow                    Conjuration/Earth            3
   d - Confuse                        Hexes                        3
Miscellaneous
 p - a lamp of fire
Comestibles
 c - 8 rations


   Skills:
 * Level 13.5 Fighting
   Level 10.4 Long Blades
 - Level 4.8 Maces & Flails
 - Level 0.3 Throwing
 + Level 11.9 Armour
 + Level 4.9 Dodging
 - Level 0.1 Stealth
 + Level 14.0 Shields
 + Level 2.0 Spellcasting
 + Level 7.4 Hexes
 + Level 6.2 Ice Magic
 + Level 2.9 Invocations
 + Level 4.5 Evocations


You had 10 spell levels left.
You knew the following spells:

 Your Spells              Type           Power        Failure   Level  Hunger
a - Confuse               Hex            ##......     98%         3    ####...
b - Ozocubu's Armour      Chrm/Ice       #.......     100%        3    ####...
c - Blink                 Tloc           N/A          100%        2    ###....


Dungeon Overview and Level Annotations

Branches:
Dungeon (15/15)            Temple (1/1) D:4             Orc (2/2) D:11
    Elf (2/3) Orc:2        Vaults (0/5) D:14         Depths (0/5) D:15
   Lair: D:8-11

Altars:
Ashenzari
Cheibriados
Dithmenos
Elyvilon
Fedhas
Gozag
Hepliaklqana
Kikubaaqudgha
Makhleb
Nemelex Xobeh
Okawaru
Qazlal
Ru
Sif Muna
Trog
Uskayaw
Vehumet
Xom
Yredelemnul
Zin
The Shining One
Lugonu

Shops:
D:5 %   D:9 (!   D:10 =   D:11 [   D:12 *   D:13 *   Orc:2 [(=   Elf:1 [

Annotations:
Elf:2 3 runed doors


Innate Abilities, Weirdness & Mutations

You are resistant to torment.
Your stone body is resilient. (AC +11)
You are immune to poison.
Your large and strong wings let you fly indefinitely.
You resist negative energy. (rN+)
You are resistant to electric shocks. (rElec)
You can survive without breathing.
You are immune to petrification.
You are immune to rotting.


Message History

Your divine stamina protects you from poison!
You block the fire elemental's attack.
The fire elemental disappears in a puff of smoke!
The deep elf knight casts a spell.
The deep elf knight flickers and vanishes!
The enchanted trident hits you but does no damage.
The deep elf mage mumbles some strange words.
Okay, then.
Okay, then.
Remove which piece of jewellery? (? for menu, Esc to quit)
You aren't wearing that.
Put on which piece of jewellery? (? for menu, Esc to quit)
You remove your +4 amulet of reflection.
You block the antimagic lajatang's attack.
The trident of venom hits you but does no damage.
The enchanted trident hits you but does no damage.
u - an amulet of rage (around neck)
You block the dire flail of protection's attack.
You block the tarantella's attack. The antimagic lajatang hits you!!
You die...

##.{##.......##..##+##.#
##§##§......#...#...#.#
##..(........#...+.>.).#
#.§EE#§......#...#...#.#
§................##'##.#
.§..§#§......##......).#
######################.#
# ### ### ##### #.#
####.####.####.s@### ###
.##...##..§##..(e(s#
...........e..e.(((##
......§.......#r(E(.#
#....e.......###§(..#
##§...§.....## ##§..#
#§..........# #§(.#
.............# #§...#
...§.........# #....#


You could see 3 deep elf magi, a fire elemental, a tarantella, a redback, a hell
rat and 8 dancing weapons.

Vanquished Creatures
  A sphinx (D:9)
  Louise (Elf:1)
  2 stone giants
  3 deep elf demonologists (Elf:1)
  3 ettins (Orc:1)
  A deep elf high priest (Elf:1)
  4 fire dragons
  An ice dragon (D:12)
  4 vault guards
  A rakshasa (D:14)
  10 two-headed ogres
  6 dancing weapons
  A tengu warrior (D:13)
  2 orc high priests
  Sonja (Orc:2)
  3 deep elf knights (Elf:1)
  The ghost of ShornTheSheep the Basher, a novice GrBe of Trog (D:8)
  An unseen horror (D:10)
  A flayed ghost (D:9)
  A deep elf archer (Elf:1)
  12 ugly things
  13 deep elf magi
  An orc knight (D:15)
  2 orc sorcerers
  9 cyclopes
  A manticore (D:15)
  3 centaur zombies
  Psyche (D:10)
  An efreet (D:13)
  A freezing wraith (D:15)
  A kobold demonologist (D:15)
  11 trolls
  A meliai (D:13)
  A polar bear (shapeshifter) (Elf:1)
  A queen bee (D:9)
  Grinder (D:4)
  Prince Ribbit (D:9)
  9 hippogriffs
  6 slime creatures
  6 redbacks (D:12)
  2 water elementals (Elf:1)
  A wraith (D:15)
  A shadow (D:11)
  10 yaks (D:12)
  2 wyverns
  3 hungry ghosts
  3 fire elementals
  6 vampire mosquitoes
  2 nagas (D:13)
  7 wargs
  An acid dragon (D:15)
  2 hornet zombies
  18 orc warriors
  3 sky beasts
  A swamp drake (D:11)
  2 black bears
  2 ice beasts
  2 phantoms (D:4)
  A black bear (shapeshifter) (D:13)
  An eye of draining (D:10)
  4 necrophages (D:10)
  7 boggarts (D:15)
  11 ogres
  9 centaurs
  A crocodile (D:9)
  3 big kobolds
  Blork the orc (D:4)
  A wyvern zombie (D:12)
  10 bullfrogs
  3 earth elementals (Elf:1)
  3 scorpions
  32 killer bees
  4 wights (D:10)
  A howler monkey (D:4)
  6 electric eels
  3 crimson imps
  3 bullfrog zombies
  6 bullfrog skeletons
  5 hounds
  13 orc wizards
  5 centaur skeletons
  13 orc priests
  2 iguanas
  Ijyb (D:4)
  Natasha (thrice) (D:2)
  14 worker ants
  2 hound zombies (D:6)
  4 hound skeletons
  3 mummies
  A killer bee simulacrum (D:9)
  2 worker ant zombies
  7 gnolls
  9 adders
  2 shadow imps (D:6)
  An ooze (D:4)
  2 worms
  An adder skeleton (D:8)
  3 dart slugs (D:1)
  5 leopard geckos
  87 orcs
  9 bats
  4 giant cockroaches
  4 goblins
  6 hobgoblins
  17 jackals
  15 kobolds
  5 quokkas
  5 ball pythons
  A frilled lizard (D:2)
  A quokka skeleton (D:8)
  A quokka zombie (D:9)
  15 rats
  A fungus (Orc:2)
  3 plants (D:6)
580 creatures vanquished.

Vanquished Creatures (others)
  A stone giant (D:9)
  2 dancing weapons (Elf:2)
  2 deep elf archers (Elf:1)
  2 deep elf magi
  A spiny frog (shapeshifter) (Elf:2)
  A boggart (D:15)
  A killer bee (D:10)
  An orc (Elf:1)
  A kobold (D:15)
  A fungus (D:13)
  2 plants (D:6)
15 creatures vanquished.

Grand Total: 595 creatures vanquished

Notes
Turn   | Place    | Note
-------+----------+-------------------------------------------
     0 | D:1      | Kalmarka777 the Gargoyle Fighter began the quest for the Orb.
     0 | D:1      | Reached XP level 1. HP: 14/14 MP: 1/1
    37 | D:1      | Reached XP level 2. HP: 17/19 MP: 2/2
   380 | D:1      | Reached XP level 3. HP: 21/23 MP: 3/3
   579 | D:2      | Noticed Natasha
   587 | D:2      | Killed Natasha
   587 | D:2      | Reached XP level 4. HP: 29/29 MP: 4/4
   603 | D:2      | Noticed Natasha
   610 | D:2      | Killed Natasha
   610 | D:2      | Reached skill level 4 in Shields
   942 | D:2      | Noticed Natasha
   979 | D:2      | Killed Natasha
   979 | D:2      | Reached XP level 5. HP: 5/33 MP: 5/5
  1501 | D:3      | Reached skill level 1 in Dodging
  1587 | D:3      | Found an ancient bone altar of Kikubaaqudgha.
  1665 | D:3      | Reached XP level 6. HP: 35/38 MP: 6/6
  2041 | D:4      | Found a staircase to the Ecumenical Temple.
  2041 | D:4      | Noticed Ijyb
  2049 | D:4      | Killed Ijyb
  2118 | Temple   | Entered the Ecumenical Temple
  2184 | Temple   | Became a worshipper of Zin the Law-Giver
  2184 | Temple   | Reached * piety under Zin
  2223 | D:4      | Noticed Grinder
  2237 | D:4      | Killed Grinder
  2237 | D:4      | Reached skill level 5 in Armour
  2237 | D:4      | Reached skill level 5 in Shields
  2237 | D:4      | Reached skill level 1 in Evocations
  2237 | D:4      | Reached XP level 7. HP: 18/43 MP: 7/7
  2506 | D:4      | Reached skill level 5 in Fighting
  2506 | D:4      | Reached XP level 8. HP: 49/49 MP: 9/9
  2791 | D:4      | Found a sacrificial altar of Ru.
  2791 | D:4      | Found a blossoming altar of Fedhas.
  2814 | D:4      | Found a faded altar of an unknown god.
  2816 | D:4      | Found an iron altar of Okawaru.
  2818 | D:4      | Found a faded altar of an unknown god.
  2907 | D:4      | Learned a level 3 spell: Confuse
  2923 | D:4      | Noticed Blork the orc
  2956 | D:3      | Donated 58 gold pieces to Zin
  2970 | D:5      | Entered Level 5 of the Dungeon
  3105 | D:5      | Found Quxaunoph's Food Shop.
  3114 | D:5      | Bought a ration for 55 gold pieces
  3114 | D:5      | Bought a ration for 55 gold pieces
  3118 | D:5      | Reached ** piety under Zin
  3173 | D:5      | Found an opulent altar of Gozag.
  3173 | D:5      | Found a shimmering altar of Xom.
  3308 | D:5      | Found a glowing golden altar of the Shining One.
  3318 | D:5      | Found a bloodstained altar of Trog.
  3378 | D:5      | Found a stormy altar of Qazlal.
  3839 | D:6      | Reached *** piety under Zin
  3872 | D:6      | Reached skill level 6 in Shields
  4183 | D:6      | Reached skill level 1 in Hexes
  4501 | D:6      | Reached skill level 7 in Shields
  4538 | D:6      | Reached XP level 9. HP: 38/55 MP: 11/11
  5561 | D:4      | Killed Blork the orc
  5701 | D:7      | Found a snail-covered altar of Cheibriados.
  5944 | D:7      | Found a radiant altar of Vehumet.
  5945 | D:7      | Found a burning altar of Makhleb.
  6014 | D:7      | Found a hide-covered altar of Uskayaw.
  6053 | D:7      | Reached **** piety under Zin
  6127 | D:8      | Reached skill level 1 in Long Blades
  6755 | D:9      | Reached skill level 8 in Shields
  6827 | D:9      | Found a shattered altar of Ashenzari.
  6832 | D:9      | Noticed Prince Ribbit
  6848 | D:9      | Killed Prince Ribbit
  6848 | D:9      | Reached XP level 10. HP: 53/63 MP: 12/12
  6917 | D:9      | Found Pirogriuc's Weapon Shop.
  7158 | D:9      | Noticed a two-headed ogre
  7977 | D:9      | Found Cuup's Distillery.
  7985 | D:9      | Bought a potion of haste for 110 gold pieces
  7985 | D:9      | Bought a potion of curing for 33 gold pieces
  8278 | D:9      | Noticed a two-headed ogre
  8336 | D:10     | Entered Level 10 of the Dungeon
  8677 | D:8      | Noticed ShornTheSheep's ghost (novice GrBe)
  8727 | D:8      | Killed ShornTheSheep's ghost
  9623 | D:9      | Found a runed door.
  9623 | D:9      | Noticed a deep elf mage
  9623 | D:9      | Noticed a stone giant
  9623 | D:9      | Noticed a sphinx
  9625 | D:9      | Noticed a flayed ghost
  9625 | D:9      | Noticed a fire dragon
  9625 | D:9      | Noticed a fire dragon
  9888 | D:10     | Noticed a two-headed ogre
 10332 | D:10     | Reached skill level 9 in Shields
 10429 | D:10     | Noticed a white ugly thing
 10443 | D:10     | Noticed Psyche
 10901 | D:10     | Reached ***** piety under Zin
 10974 | D:10     | Reached XP level 11. HP: 64/68 MP: 13/13
 11277 | D:10     | Zin protects you from harm!
 11321 | D:10     | Noticed a two-headed ogre
 11890 | D:8      | Killed a two-headed ogre
 12053 | D:8      | Killed a two-headed ogre
 12053 | D:8      | Reached skill level 5 in Long Blades
 12053 | D:8      | Reached skill level 10 in Armour
 12053 | D:8      | Reached skill level 5 in Hexes
 12147 | D:8      | HP: 1/103 [two-headed ogre/giant club (6)]
 12669 | D:8      | Killed a two-headed ogre
 13152 | D:10     | Killed a two-headed ogre
 13541 | D:10     | Found Foiptoh's Jewellery Emporium.
 13541 | D:10     | Noticed a two-headed ogre
 13598 | D:11     | Noticed a two-headed ogre
 13623 | D:11     | Killed a two-headed ogre
 13887 | D:11     | Noticed a cyan ugly thing
 13948 | D:11     | Killed a cyan ugly thing
 14095 | D:11     | Found Sipaiv's Armour Shoppe.
 14110 | D:11     | Noticed a two-headed ogre
 14120 | D:11     | Killed a two-headed ogre
 14451 | D:11     | Reached skill level 10 in Shields
 14758 | D:11     | Found a staircase to the Orcish Mines.
 14809 | D:11     | Reached XP level 12. HP: 76/76 MP: 14/14
 15053 | D:11     | Found a sacrificial altar of Ru.
 15091 | D:11     | Got a twitching brass ring
 15092 | D:11     | Identified the ring of Checkmate {MR+ Dex+5 Stlth-} (You found it on level 11 of the Dungeon)
 15885 | D:12     | Found Ynekas's General Store.
 16200 | D:12     | Noticed an ice dragon
 16354 | D:12     | Killed an ice dragon
 16354 | D:12     | Reached skill level 1 in Invocations
 17074 | D:12     | Reached skill level 10 in Fighting
 17339 | D:13     | Found Fuih's Serpentskin Sales.
 17403 | D:13     | Reached ****** piety under Zin
 18108 | D:13     | Learned a level 3 spell: Ozocubu's Armour
 18127 | D:13     | Reached XP level 13. HP: 83/83 MP: 8/16
 18334 | D:12     | Reached skill level 1 in Spellcasting
 18535 | D:14     | Reached skill level 1 in Ice Magic
 18541 | D:14     | Found a gate to the Vaults.
 18541 | D:14     | Noticed a vault guard
 18541 | D:14     | Noticed a vault guard
 18541 | D:14     | Noticed a vault guard
 18549 | D:14     | Noticed a rakshasa
 18698 | D:13     | Killed a vault guard
 18703 | D:13     | Killed a vault guard
 18703 | D:13     | Reached skill level 11 in Shields
 18766 | D:13     | Killed a vault guard
 19127 | D:14     | Killed a rakshasa
 19129 | D:14     | Noticed a vault guard
 19147 | D:14     | Killed a vault guard
 19290 | D:14     | Learned a level 2 spell: Blink
 19597 | D:15     | Entered Level 15 of the Dungeon
 20239 | D:15     | Noticed a fire dragon
 20240 | D:15     | Noticed a fire dragon
 20778 | D:15     | Killed a fire dragon
 20840 | D:15     | Killed a fire dragon
 20871 | D:15     | Found a staircase to the Depths.
 21392 | D:13     | Gained mutation: Your large and strong wings let you fly indefinitely. [Gargoyle growth]
 21392 | D:13     | Reached XP level 14. HP: 91/91 MP: 17/17
 21422 | D:11     | Bought the +3 cloak of the Sparrow {rF+ rCorr Str+4} for 760 gold pieces
 21607 | D:10     | Killed Psyche
 22768 | Orc:1    | Entered Level 1 of the Orcish Mines
 22768 | Orc:1    | Noticed a stone giant
 22975 | D:11     | Killed a stone giant
 23255 | Orc:1    | Reached skill level 5 in Ice Magic
 23562 | Orc:2    | Entered Level 2 of the Orcish Mines
 23564 | Orc:2    | Found Beuxuwit's Antique Weapon Shoppe.
 23567 | Orc:2    | Noticed a stone giant
 23586 | Orc:1    | Reached skill level 12 in Shields
 23798 | Orc:1    | Killed a stone giant
 24031 | Orc:2    | Found Lumpakeu's General Store.
 24040 | Orc:2    | Found a staircase to the Elven Halls.
 24399 | Orc:1    | Reached skill level 10 in Long Blades
 25159 | Orc:2    | Found Uwnuugua's Jewellery Shoppe.
 25160 | Orc:2    | Noticed Sonja
 25164 | Orc:2    | Killed Sonja
 25194 | Orc:2    | Bought a +4 amulet of reflection for 351 gold pieces
 25264 | Orc:2    | Found Fiw Cou's Antique Armour Emporium.
 26110 | D:9      | Killed a sphinx
 26148 | D:9      | Killed a stone giant
 26665 | D:9      | Identified Anyo's Collected Works on Enchantment and Conjuration
 26669 | D:9      | Got a fine morningstar
 26670 | D:9      | Identified the +1 morningstar "Giamp" {crush, rPois} (You found it on level 9 of the Dungeon)
 27036 | Elf:1    | Entered Level 1 of the Elven Halls
 27036 | Elf:1    | Noticed a deep elf demonologist
 27043 | Elf:1    | Noticed an Ice Fiend
 27045 | Elf:1    | Noticed a reaper
 27045 | Elf:1    | Killed a deep elf demonologist
 27045 | Elf:1    | Reached XP level 15. HP: 97/97 MP: 18/18
 27239 | Elf:1    | Noticed Louise
 27266 | Elf:1    | Killed Louise
 27431 | Elf:1    | Found Tadgh's Armour Shop.
 27439 | Elf:1    | Bought a +0 pair of boots for 63 gold pieces
 27561 | Elf:1    | Reached skill level 13 in Shields
 28294 | D:12     | Bought a ration for 85 gold pieces
 28294 | D:12     | Bought a ration for 85 gold pieces
 28414 | D:5      | Bought a ration for 55 gold pieces
 28414 | D:5      | Bought a ration for 55 gold pieces
 28414 | D:5      | Bought a ration for 55 gold pieces
 28414 | D:5      | Bought a ration for 55 gold pieces
 28414 | D:5      | Bought a ration for 55 gold pieces
 28414 | D:5      | Bought a ration for 55 gold pieces
 28581 | Elf:1    | Got a faintly humming leather armour
 28582 | Elf:1    | Identified the +2 leather armour of Negligence {Str+2} (You took it off an orc wizard on level 1 of the Elven Halls)
 29273 | Elf:1    | Noticed a balrug
 29776 | Elf:1    | Noticed a Hell Sentinel
 29799 | Elf:1    | Noticed a cacodemon
 29838 | Elf:1    | Noticed a Brimstone Fiend
 30613 | Elf:2    | Reached skill level 14 in Shields
 30648 | Elf:2    | Found a runed gate.
 30648 | Elf:2    | Found a runed gate.
 30648 | Elf:2    | Found a runed gate.
 30692 | Elf:2    | Slain by an antimagic lajatang

Skill      XL: |  1  2  3  4  5  6  7  8  9 10 11 12 13 14 15 |
---------------+----------------------------------------------+-----
Maces & Flails | 3 4 |  4.8
Shields        | 4 5 7 8 9 10 11 12 14 | 14.0
Armour         | 4 5 6 8 9 10 11 | 11.9
Dodging        | 1 3 4 |  4.9
Fighting       | 4 5 7 8 9 10 11 12 13 | 13.5
Evocations     | 1 2 3 4 |  4.5
Hexes          | 1 3 4 5 7 |  7.4
Long Blades    | 3 4 6 7 9 10 | 10.4
Invocations    | 1 2 |  2.9
Spellcasting   | 1 2 |  2.0
Ice Magic      | 4 6 |  6.2
Throwing       | |  0.3
Stealth        | |  0.1

Action                   |  1- 3 |  4- 6 |  7- 9 | 10-12 | 13-15 || total
-------------------------+-------+-------+-------+-------+-------++-------
Melee: Flail             |    94 |   267 |   325 |       |       ||   686
       Hand axe          |       |       |    96 |       |       ||    96
       Scimitar          |       |       |   124 |   997 |   765 ||  1886
       Morningstar       |       |       |       |    98 |   368 ||   466
Throw: Javelin           |       |     2 |     3 |    25 |    26 ||    56
       Tomahawk          |       |       |       |     2 |     6 ||     8
       Throwing net      |       |       |       |     1 |       ||     1
 Cast: Confuse           |       |       |       |     8 |    14 ||    22
Invok: Donate Gold       |       |       |     3 |       |       ||     3
       Recite            |       |       |       |     4 |    13 ||    17
       Imprison          |       |       |       |     2 |       ||     2
       Vitalisation      |       |       |       |     3 |     3 ||     6
 Abil: Evoke Flight      |       |       |     3 |     2 |       ||     5
       Evoke Berserk Rag |       |       |       |     9 |     9 ||    18
       Fly               |       |       |       |       |     1 ||     1
Evoke: Wand              |       |       |       |       |    17 ||    17
  Use: Scroll            |     5 |       |     2 |    24 |    11 ||    42
       Potion            |     3 |     2 |     2 |    19 |     6 ||    32
 Stab: Confused          |       |       |       |     2 |       ||     2
       Paralysed         |       |       |       |       |     1 ||     1
  Eat: Chunk             |       |     2 |     5 |     1 |     5 ||    13
       Ration            |       |     1 |     4 |    20 |    14 ||    39
Armor: Scale mail        |    62 |   191 |    65 |       |       ||   318
       Skin              |       |       |     5 |       |       ||     5
       Chain mail        |       |       |   255 |   710 |       ||   965
       Troll leather arm |       |       |       |   237 |   131 ||   368
       Fire dragon scale |       |       |       |       |   286 ||   286
       Gold dragon scale |       |       |       |       |   227 ||   227
Dodge: Dodged            |    29 |   123 |   157 |   536 |   466 ||  1311
Block: Shield            |    60 |   190 |   292 |  1092 |   672 ||  2306
       Reflection        |       |       |       |       |    26 ||    26
       Large shield      |       |       |       |       |   539 ||   539
       Rpst.: Scimitar   |       |       |    16 |   140 |    79 ||   235
